 Dungeon Crawl Stone Soup version 0.25-a0-589-g1e14c549ee (webtiles) character file.

Game seed: 6587337181131445742, levelgen mode: deterministic

30 kae the Skirmisher (level 3, 0/29 HPs)
             Began as a Demonspawn Abyssal Knight on Mar 12, 2020.
             Was a Follower of Lugonu.
             Slain by a crimson imp (3 damage)
             ... on level 2 of the Dungeon.
             The game lasted 00:00:35 (1065 turns).

kae the Skirmisher (Demonspawn Abyssal Knight)      Turns: 1065, Time: 00:00:36

Health: 0/29       AC:  3    Str: 13    XL:     3   Next: 5%
Magic:  5/5        EV: 11    Int: 13    God:    Lugonu [*.....]
Gold:   41         SH:  0    Dex: 12    Spells: 2/2 levels left

rFire    . . .     SeeInvis .   a - +1 mace
rCold    . . .     Gourm    .   (no shield)
rNeg     . . .     Faith    .   b - +0 leather armour
rPois    .         Spirit   .   (no helmet)
rElec    .         Reflect  .   (no cloak)
rCorr    .         Harm     .   (no gloves)
MR       .....                  (no boots)
Stlth    +.........             (no amulet)
HPRegen  0.09/turn              (no ring)
MPRegen  0.09/turn              (no ring)

@: no status effects
A: sturdy frame 1
a: Depart the Abyss, Renounce Religion


You were on level 2 of the Dungeon.
You worshipped Lugonu.
Lugonu was aware of your devotion.
You were hungry.

You visited 1 branch of the dungeon, and saw 2 of its levels.
You visited the Abyss 1 time.

You collected 41 gold pieces.

Inventory:

Hand Weapons
 a - a +1 mace (weapon)
Armour
 b - a +0 leather armour (worn)
Scrolls
 h - 3 scrolls of identify {unknown}
 i - a scroll of teleportation {unknown}
 k - 2 scrolls of remove curse {unknown}
Potions
 d - 2 potions of lignification {unknown}
 e - a potion of cancellation {unknown}
 f - 2 potions of heal wounds {unknown}
 g - a potion of ambrosia {unknown}
 j - 2 potions of degeneration {unknown}
Comestibles
 c - 5 rations


   Skills:
 + Level 3.2 Fighting
 * Level 2.4 Maces & Flails
 + Level 2.1 Armour
 - Level 0.8 Dodging
 + Level 3.0 Invocations


You had 2 spell levels left.
You didn't know any spells.
Your spell library contained the following spells:

 Spells                   Type           Power        Failure   Level  Hunger
 Magic Dart               Conj           #...         32%         1    ##.....
 Blink                    Tloc           N/A          43%         2    ###....
 Call Imp                 Summ           #.......     43%         2    ###....
 Slow                     Hex            #.......     43%         2    ###....
 Conjure Flame            Conj/Fire      #.......     67%         3    ####...
 Mephitic Cloud           Conj/Pois/Air  #.......     67%         3    ####...


Dungeon Overview and Level Annotations

Branches:
Dungeon (2/15)

Altars:


Innate Abilities, Weirdness & Mutations

Your movements are slightly less encumbered by armour. (ER -2)


Message History

You closely miss the crimson imp.
The crimson imp is heavily wounded.
The crimson imp hits you but does no damage. x2
You hit the crimson imp but do no damage.
The crimson imp is moderately wounded.
The crimson imp hits you but does no damage.
You closely miss the crimson imp.
The crimson imp is moderately wounded.
The crimson imp hits you.
* * * LOW HITPOINT WARNING * * *
You hit the crimson imp.
The crimson imp is heavily wounded.
The crimson imp hits you.
* * * LOW HITPOINT WARNING * * *
You barely miss the crimson imp.
The crimson imp is moderately wounded.
The crimson imp hits you.
* * * LOW HITPOINT WARNING * * *
The crimson imp hits you.
You die...

....# #...# ##...#
.. #8...8
...##...###
.......5..# ..
..........#
...#############...#
##
..#........(@5....#
#.
...........#####..#
#. #. #.#........#
#..# #. ..
#.#........# #..# #.
#.##.#........# #..#
#. #..#.......)..#
#..# #.
#.#.#...(....#
#..##########.
#............#
#.............
#....####.####
##.##########.


You could see a crimson imp.

Vanquished Creatures
  3 bats (D:1)
  3 giant cockroaches
  4 goblins
  6 hobgoblins
  3 frilled lizards
  6 kobolds
  A rat (D:1)
26 creatures vanquished.

Notes
Turn   | Place    | Note
-------+----------+-------------------------------------------
     0 | Abyss:1  | kae the Demonspawn Abyssal Knight began the quest for the
                  | Orb.
     0 | Abyss:1  | Reached XP level 1. HP: 18/18 MP: 2/2
     1 | Abyss:1  | Found a corrupted altar of Lugonu.
    31 | Abyss:1  | Found a corrupted altar of Lugonu.
    45 | Abyss:1  | Noticed a starcursed mass
    46 | D:1      | Escaped the Abyss
    61 | D:1      | Reached * piety under Lugonu
   332 | D:1      | Gained mutation: Your movements are slightly less
                  | encumbered by armour. (ER -2) [demonic ancestry]
   332 | D:1      | Reached XP level 2. HP: 22/24 MP: 4/4
  1033 | D:2      | Noticed a crimson imp
  1048 | D:2      | Reached XP level 3. HP: 18/29 MP: 5/5
  1065 | D:2      | Slain by a crimson imp

Levels and vault maps discovered:
D:1:      onia_arrival_pentagram, layout_basic
D:2:      layout_basic, nicolae_overflow_crystal_walls, serial_corexii_hall,
          corexii_hall_statues_s, corexii_hall_statues_i

Skill      XL: |  1  2 |
---------------+-------+-----
Maces & Flails | 2 |  2.4
Armour         | 2 |  2.1
Invocations    | 3 |  3.0
Fighting       | |  3.2
Dodging        | |  0.8

Action                   || total
-------------------------++-------
Melee: Mace              ||    76
Invok: Depart the Abyss  ||     1
Armor: Leather armour    ||    33
Dodge: Dodged            ||    55

Table legend:
 A = Non-vault XP
 B = Vault XP
 C = Vault XP percentage of total XP
 D = Non-vault monster count
 E = Vault monster count
 F = Vault count percentage of total count
                 A         B        C        D         E       F
            +---------+---------+-------+---------+---------+-------
      Total |      44 |       0 |   0.0 |      26 |       0 |   0.0
            +---------+---------+-------+---------+---------+-------
        D:1 |      28 |       0 |   0.0 |      17 |       0 |   0.0
        D:2 |      16 |       0 |   0.0 |       9 |       0 |   0.0
            +---------+---------+-------+---------+---------+-------
